 Dungeon Crawl Stone Soup version 0.21.1-1-g345015f (webtiles) character file.

798 nikopol the Magician (level 7, -4/36 HPs)
             Began as a Deep Elf Fire Elementalist on June 2, 2018.
             Killed by divine providence
             ... invoked by an orc priest
              (13 damage)
             ... on level 5 of the Dungeon.
             The game lasted 00:22:33 (4966 turns).

nikopol the Magician (Deep Elf Fire Elementalist)   Turns: 4966, Time: 00:22:33

Health: -4/36      AC:  3    Str:  5    XL:     7   Next: 58%
Magic:  4/18       EV: 13    Int: 22    God:
Gold:   218        SH:  4    Dex: 15    Spells: 3/18 levels left

rFire    . . .     SeeInvis +   v - +5 dagger (venom)
rCold    . . .     Gourm    .   s - +0 buckler
rNeg     . . .     Faith    .   a - +0 robe
rPois    .         Spirit   .   f - +0 helmet
rElec    .         Reflect  .   (no cloak)
rCorr    .         Harm     .   (no gloves)
MR       .....                  (no boots)
Stlth    ++........             (no amulet)
HPRegen  0.12/turn              h - ring of see invisible
MPRegen  0.16/turn              (no ring)

@: no status effects
A: no striking features
a: no special abilities


You were on level 5 of the Dungeon.
You were not hungry.

You visited 1 branch of the dungeon, and saw 5 of its levels.

You collected 218 gold pieces.

Inventory:

Hand Weapons
 v - a +5 dagger of venom (weapon)
Armour
 a - a +0 robe (worn)
 f - a +0 helmet (worn)
 s - a +0 buckler (worn)
Jewellery
 h - a ring of see invisible (left hand)
 k - an uncursed amulet of rage {unknown}
Wands
 j - a wand of disintegration (10)
 l - a wand of polymorph (8)
 m - a wand of iceblast (11)
Scrolls
 g - a scroll of random uselessness {unknown}
 i - 3 scrolls of remove curse {unknown}
 n - a scroll of amnesia {unknown}
 o - 4 scrolls of identify {unknown}
 p - a scroll of immolation {unknown}
 r - a scroll of enchant weapon {unknown}
 t - a scroll of teleportation {unknown}
Potions
 d - 5 potions of curing {unknown}
 e - 3 potions of haste {unknown}
 q - a potion of brilliance {unknown}
 u - a potion of berserk rage {unknown}
 w - 2 potions of heal wounds {unknown}
Books
 b - a book of Flames

   Spells                             Type                      Level
   a - Flame Tongue                   Conjuration/Fire             1
   b - Throw Flame                    Conjuration/Fire             2
   c - Conjure Flame                  Conjuration/Fire             3
   d - Inner Flame                    Hexes/Fire                   3
   e - Sticky Flame                   Conjuration/Fire             4
   f - Fireball                       Conjuration/Fire             5
Comestibles
 c - 5 rations


   Skills:
 + Level 0.2 Fighting
 + Level 3.1 Dodging
 + Level 3.6 Stealth
 * Level 1.7 Shields
 + Level 6.4 Spellcasting
 + Level 4.2 Conjurations
 + Level 6.3 Fire Magic


You had 3 spell levels left.
You knew the following spells:

 Your Spells              Type           Power        Failure   Level  Hunger
a - Flame Tongue          Conj/Fire      ####.        1%          1    None
b - Throw Flame           Conj/Fire      ####..       1%          2    None
c - Conjure Flame         Conj/Fire      ####....     3%          3    #......
d - Sticky Flame          Conj/Fire      ####....     13%         4    ###....
e - Fireball              Conj/Fire      ####......   34%         5    #####..


Dungeon Overview and Level Annotations

Branches:
Dungeon (5/15)
 Temple: D:4-7

Altars:
Ashenzari
Cheibriados
Fedhas
Okawaru
Sif Muna
Trog
Uskayaw
Wu Jian
Yredelemnul

Annotations:
D:5 Jaiteiro's ghost, novice DrTm


Message History

Aim: an orc priest, wielding a trident (moderately wounded)
The flame tongue hits the orc priest.
You kill the orc priest!
You hear a shout!
Your magical contamination has completely faded away.
An orc comes into view. It is wielding a whip.
The orc shouts!
Jaiteiro's ghost is engulfed in blazing flames.
The orc moves out of view.
Things that are here:
a dagger; a robe; 3 gold pieces All of the chunks of flesh in your inventory have rotted away.
Things that are here:
a trident; 10 gold pieces The hound barks!
You block the orc's attack. The hound barely misses you.
You block the orc's attack.
The orc priest mumbles some strange prayers to Beogh against you.
Beogh smites you!
You die...

#.......#....#
#.......#....#
#.......#....#
###.....##....#
.........#....#
##............#
.oo..
..............#
....#
###...oh......#
.l..#
##...o@######
..).# ####W##
W...# #.# ....
######)#
(.!#######....).#
#..†.......######
..########## ##


You could see a hound, an orc priest, Jaiteiro's ghost and an orc.

Vanquished Creatures
  Eustachio (D:4)
  Duvessa (D:4)
  The ghost of Exporg the Shield-Bearer, an amateur FoFi (D:3)
  Dowan (D:4)
  A crimson imp (D:5)
  A howler monkey (D:2)
  2 orc priests (D:5)
  2 orc wizards
  An iguana (D:4)
  7 adders
  An adder zombie (D:5)
  5 worms
  2 dart slugs
  5 leopard geckos
  10 orcs (D:3)
  A ball python (D:1)
  9 giant cockroaches
  6 goblins
  6 hobgoblins
  14 jackals
  3 quokkas
  8 bats
  3 frilled lizards
  10 kobolds
  A quokka zombie (D:4)
  11 rats
113 creatures vanquished.

Notes
Turn   | Place    | Note
-------+----------+-------------------------------------------
     0 | D:1      | nikopol the Deep Elf Fire Elementalist began the quest for the Orb.
     0 | D:1      | Reached XP level 1. HP: 10/10 MP: 6/6
   183 | D:1      | Reached XP level 2. HP: 15/15 MP: 6/8
   859 | D:2      | Noticed a howler monkey
   865 | D:2      | Killed a howler monkey
   865 | D:2      | Reached XP level 3. HP: 19/19 MP: 3/10
   869 | D:2      | Learned a level 2 spell: Throw Flame
   873 | D:2      | Learned a level 3 spell: Conjure Flame
  1053 | D:2      | Reached XP level 4. HP: 21/24 MP: 2/11
  1279 | D:2      | Found a shattered altar of Ashenzari.
  1731 | D:2      | Found a snail-covered altar of Cheibriados.
  1735 | D:2      | Found a basalt altar of Yredelemnul.
  1989 | D:3      | Reached XP level 5. HP: 25/28 MP: 11/13
  2284 | D:3      | Learned a level 4 spell: Sticky Flame
  2337 | D:3      | Noticed Exporg's ghost (amateur FoFi)
  2798 | D:3      | Reached skill level 5 in Fire Magic
  3312 | D:3      | Killed Exporg's ghost
  3312 | D:3      | Reached skill level 5 in Spellcasting
  3312 | D:3      | Reached XP level 6. HP: 32/32 MP: 2/15
  3458 | D:4      | Noticed Eustachio
  3466 | D:4      | Killed Eustachio
  3580 | D:4      | Found an ornate altar of the Wu Jian Council.
  3666 | D:4      | Noticed Duvessa
  3666 | D:4      | Noticed Dowan
  3928 | D:4      | Found a blossoming altar of Fedhas.
  3928 | D:4      | Found a bloodstained altar of Trog.
  3929 | D:4      | Found an iron altar of Okawaru.
  4144 | D:4      | Killed Duvessa
  4144 | D:4      | Reached XP level 7. HP: 36/36 MP: 3/18
  4261 | D:4      | Killed Dowan
  4261 | D:4      | Reached skill level 1 in Shields
  4318 | D:4      | Learned a level 5 spell: Fireball
  4425 | D:4      | Found a hide-covered altar of Uskayaw.
  4431 | D:4      | Found a deep blue altar of Sif Muna.
  4686 | D:5      | Entered Level 5 of the Dungeon
  4686 | D:5      | Noticed Jaiteiro's ghost (novice DrTm)
  4966 | D:5      | Killed from afar by an orc priest

Skill      XL: |  1  2  3  4  5  6  7 |
---------------+----------------------+-----
Stealth        | 3 |  3.6
Fire Magic     | 4 5 6 |  6.3
Spellcasting   | 4 5 6 |  6.4
Conjurations   | 2 3 4 |  4.2
Dodging        | 3 |  3.1
Shields        | 1 |  1.7
Fighting       | |  0.2

Action                   |  1- 3 |  4- 6 |  7- 9 || total
-------------------------+-------+-------+-------++-------
Melee: Unarmed           |     1 |       |       ||     1
 Cast: Flame Tongue      |    54 |   169 |    36 ||   259
       Conjure Flame     |       |     4 |     2 ||     6
       Sticky Flame      |       |     1 |       ||     1
       Throw Flame       |       |       |     1 ||     1
Evoke: Wand              |       |       |     2 ||     2
  Eat: Chunk             |       |    10 |     2 ||    12
Armor: Robe              |     3 |     6 |     3 ||    12
Dodge: Dodged            |    19 |    34 |     8 ||    61
Block: Buckler           |       |     1 |     3 ||     4
